 Dungeon Crawl Stone Soup version 0.28-a0-1382-g92835e5c71 (webtiles) character file.

Game seed: 10098533094286483138

3 bjtr the Ogre Mage (level 1, -1/16 HPs)
             Began as an Ogre Hedge Wizard on Jan 2, 2022.
             Frozen to death by an endoplasm (5 damage)
             ... on level 1 of the Dungeon.
             The game lasted 00:02:06 (97 turns).

bjtr the Ogre Mage (Ogre Hedge Wizard)                Turns: 97, Time: 00:02:08

Health: -1/16      AC:  3    Str: 13    XL:     1   Next: 50%
Magic:  0/5        EV:  9    Int: 15    God:
Gold:   10         SH:  0    Dex:  8    Spells: 5/7 levels left

rFire   . . .      SeeInvis .   a - +0 dagger
rCold   . . .      Faith    .   (no shield)
rNeg    . . .      Spirit   .   b - +0 robe
rPois   .          Reflect  .   c - +0 hat
rElec   .          Harm     .   (no cloak)
rCorr   .          Rampage  .   (gloves unavailable)
Will    .....                   (boots unavailable)
Stlth   +.........              (no amulet)
HPRegen 0.05/turn               (no ring)
MPRegen 0.09/turn               (no ring)

@: very slightly contaminated
A: large, unfitting armour, tough skin 1
a: no special abilities


You were on level 1 of the Dungeon.
You visited 1 branch of the dungeon, and saw 1 of its levels.

You collected 10 gold pieces.

Inventory:

Hand Weapons
 a - a +0 dagger (weapon)
Missiles
 d - 14 stones
Armour
 b - a +0 robe (worn)
 c - a +0 hat (worn)


   Skills:
 + Level 1.7 Dodging
 + Level 1.4 Stealth
 + Level 3.9 Spellcasting
 + Level 0.8 Conjurations
 + Level 0.8 Summonings
 + Level 0.8 Translocations


You had 5 spell levels left.
You knew the following spells:

 Your Spells              Type           Power      Damage    Failure   Level
a - Magic Dart            Conj           20%        1d4       13%         1
b - Slow                  Hex            8%         N/A       19%         1

Your spell library contained the following spells:

 Spells                   Type           Power      Damage    Failure   Level
 Blink                    Tloc           10%        N/A       19%         2
 Call Imp                 Summ           5%         N/A       19%         2
 Conjure Flame            Conj/Fire      4%         6-21      43%         3
 Mephitic Cloud           Conj/Pois/Air  3%         N/A       43%         3


Dungeon Overview and Level Annotations

Branches:
Dungeon (1/15)

Altars:


Innate Abilities, Weirdness & Mutations

You are too large for most types of armour.
You have tough skin. (AC +1)


Message History

Aim: an endoplasm (heavily wounded, 100% to hit)
You miscast Magic Dart.
You are very lightly contaminated with residual magic.
Nothing appears to happen.
The endoplasm hits you.
Casting: Magic Dart (safe; 13% risk of failure)
Confirm with . or Enter, or press ? or * to list all spells.
Aiming: Magic Dart (safe; 13% risk of failure)
Press: ? - help, Shift-Dir - straight line, f/p - endoplasm
Aim: an endoplasm (moderately wounded, 100% to hit)
The magic dart hits the endoplasm.
The endoplasm is severely wounded.
The endoplasm freezes you.
You are frozen.
Casting: Magic Dart (safe; 13% risk of failure)
Confirm with . or Enter, or press ? or * to list all spells.
Aiming: Magic Dart (safe; 13% risk of failure)
Press: ? - help, Shift-Dir - straight line, f/p - endoplasm
Aim: an endoplasm (severely wounded, 100% to hit)
The magic dart hits the endoplasm.
The endoplasm is almost dead.
The endoplasm freezes you.
You are frozen.
* * * LOW HITPOINT WARNING * * *
Casting: Magic Dart (safe; 13% risk of failure)
Confirm with . or Enter, or press ? or * to list all spells.
Aiming: Magic Dart (safe; 13% risk of failure)
Press: ? - help, Shift-Dir - straight line, f/p - endoplasm
Aim: an endoplasm (severely wounded, 100% to hit)
You miscast Magic Dart.
Nothing appears to happen.
The endoplasm barely misses you.
Casting: Magic Dart (safe; 13% risk of failure)
Confirm with . or Enter, or press ? or * to list all spells.
Aiming: Magic Dart (safe; 13% risk of failure)
Press: ? - help, Shift-Dir - straight line, f/p - endoplasm
Aim: an endoplasm (severely wounded, 100% to hit)
The magic dart hits the endoplasm but does no damage.
The endoplasm is severely wounded.
The endoplasm freezes you.
You are frozen.
You die...

# #. #... #.#.##
#..# # ..#.. #..# #
#..#.#.###..####..
.:...............#
#............ . #
#####..#####
....#.#####..######
.........@J........
)..#####.##########
#..## ###..###
#......# #..#.###
#......# #......#
##.#.###


You could see an endoplasm.

Vanquished Creatures
  A dart slug (D:1)
  A rat (D:1)
2 creatures vanquished.

Notes
Turn   | Place    | Note
-------+----------+-------------------------------------------
     0 | D:1      | bjtr the Ogre Hedge Wizard began the quest for the Orb.
     0 | D:1      | Reached XP level 1. HP: 16/16 MP: 5/5
     9 | D:1      | Learned a level 1 spell: Slow
    97 | D:1      | Frozen to death by an endoplasm

Illustrated notes

Levels and vault maps discovered:
D:1:      dpeg_arrival_ternary, layout_loops_ring

Action                   || total
-------------------------++-------
Melee: Dagger            ||     1
 Cast: Magic Dart        ||     9
Dodge: Dodged            ||     1

Table legend: (Time is in decaauts)
 A = Elapsed time spent in this place.
 B = Non-inter-level travel time spent in this place.
 C = Inter-level travel time spent in this place.
 D = Time resting spent in this place.
 E = Time spent auto-exploring this place.
 F = Levels seen in this place.
 G = Mean time per level.
                   A        B        C        D        E       F      G
               +--------+--------+--------+--------+--------+-----+--------+
         Total |     97 |     97 |      0 |     40 |     24 |   1 |   97.0 |
       Dungeon |     97 |     97 |      0 |     40 |     24 |   1 |   97.0 |
               +--------+--------+--------+--------+--------+-----+--------+

Top non-repeatable levels by time:
     D:1: 97 daAuts
